 Dungeon Crawl Stone Soup version 0.23.2-1-ga50397a (webtiles) character file.

Game seed: 15716744369638153701

398 Fang the Skirmisher (level 6, 0/40 HPs)
             Began as a Gargoyle Berserker on Apr 15, 2019.
             Was a Believer of Trog.
             Slain by a gnoll (4 damage)
             ... on level 3 of the Dungeon.
             The game lasted 00:02:19 (2591 turns).

Fang the Skirmisher (Gargoyle Berserker)            Turns: 2591, Time: 00:02:20

Health: 0/40       AC: 13    Str: 22    XL:     6   Next: 83%
Magic:  1/6        EV:  9    Int:  8    God:    Trog [**....]
Gold:   94         SH:  0    Dex:  9    Spells: 5/5 levels left

rFire    . . .     SeeInvis .   a - +0 hand axe
rCold    . . .     Gourm    .   (no shield)
rNeg     + . .     Faith    .   b - +0 chain mail
rPois    ∞         Spirit   .   (no helmet)
rElec    +         Reflect  .   (no cloak)
rCorr    .         Harm     .   (no gloves)
MR       ++...                  (no boots)
Stlth    ..........             (no amulet)
HPRegen  1.13/turn              (no ring)
MPRegen  0.10/turn              (no ring)

@: regenerating
A: negative energy resistance 1, electricity resistance, unbreathing,
petrification resistance, rot immunity, AC +4
a: Berserk, Trog's Hand, Renounce Religion


You were on level 3 of the Dungeon.
You worshipped Trog.
Trog was pleased with you.
You were hungry.

You visited 1 branch of the dungeon, and saw 3 of its levels.

You collected 94 gold pieces.

Inventory:

Hand Weapons
 a - a +0 hand axe (weapon)
Armour
 b - a +0 chain mail (worn)
Scrolls
 d - a scroll of blinking {unknown}
 f - a scroll of identify {unknown}
 h - 2 scrolls of noise {unknown}
 l - 3 scrolls of remove curse {unknown}
 m - a scroll of enchant armour {unknown}
 n - a scroll of teleportation {unknown}
Potions
 e - a potion of curing
 g - a potion of brilliance {unknown}
 i - a potion of degeneration {unknown}
 j - 2 potions of heal wounds {unknown}
Comestibles
 c - 2 rations
 k - 7 chunks of flesh


   Skills:
 + Level 4.9 Fighting
 + Level 4.1 Axes
 + Level 4.2 Armour
 + Level 3.1 Dodging


You had 5 spell levels left.
You didn't know any spells.
Your spell library was empty.

Dungeon Overview and Level Annotations

Branches:
Dungeon (3/15)

Altars:


Innate Abilities, Weirdness & Mutations

You are resistant to torment.
Your stone body is resilient. (AC +4)
You are immune to poison.
You resist negative energy. (rN+)
You are resistant to electric shocks. (rElec)
You can survive without breathing.
You are immune to petrification.
You are immune to rotting.


Message History

The gnoll hits you but does no damage.
You hit the orc wizard. You completely miss the gnoll.
The orc wizard hits you but does no damage.
The gnoll hits you but does no damage.
The orc wizard casts a spell.
The orc wizard blinks!
You hit the gnoll. You hit the jackal.
The gnoll hits you from afar with a +1 antimagic spear.
* * * LOW HITPOINT WARNING * * *
You feel your power leaking away. The gnoll barely misses you.
The jackal bites you but does no damage.
The gnoll hits you but does no damage. x2
Your skin crawls.
You feel resistant to hostile enchantments.
You are feeling hungry.
The jackal barely misses you.
The jackal bites you but does no damage.
The gnoll hits you but does no damage. The gnoll hits you.
You die...

.# #.# # .. #.#
# # #.##.# # #.
..... ..># ..
..o####### #..#
#.##..#......
#..#
..#...#........
#..#
..'..gh@..#
#..#
.....g#g#.#
#..#
..#####)#.#
#..# #....#.#
#... #..#.#.#
#.## #.+.$..#
#.#. ...###.##
#.#. ... #).#
#.#. #.. ##.##
#.#.


You could see an orc wizard, 3 gnolls and a jackal.

Vanquished Creatures
  Sigmund (D:3)
  An iguana (D:3)
  2 orc wizards (D:3)
  7 adders
  An ooze (D:1)
  3 worms
  4 dart slugs
  A leopard gecko (D:2)
  7 orcs (D:3)
  A ball python (D:3)
  5 giant cockroaches
  5 goblins
  7 hobgoblins
  6 jackals
  7 kobolds
  A quokka (D:2)
  3 bats (D:1)
  3 frilled lizards
  5 rats
70 creatures vanquished.

Notes
Turn   | Place    | Note
-------+----------+-------------------------------------------
     0 | D:1      | Fang the Gargoyle Berserker began the quest for the Orb.
     0 | D:1      | Reached XP level 1. HP: 14/14 MP: 1/1
   161 | D:1      | Reached XP level 2. HP: 19/19 MP: 2/2
   691 | D:1      | Reached XP level 3. HP: 18/23 MP: 3/3
  1450 | D:2      | Reached ** piety under Trog
  1450 | D:2      | Reached XP level 4. HP: 25/29 MP: 4/4
  1924 | D:2      | Reached XP level 5. HP: 24/33 MP: 5/5
  2456 | D:3      | Noticed Sigmund
  2487 | D:3      | Killed Sigmund
  2487 | D:3      | Reached XP level 6. HP: 22/40 MP: 6/6
  2591 | D:3      | Slain by a gnoll

Skill      XL: |  1  2  3  4  5 |
---------------+----------------+-----
Axes           | 3 4 |  4.1
Dodging        | 2 3 |  3.1
Armour         | 3 4 |  4.2
Fighting       | 4 |  4.9

Action                   |  1- 3 |  4- 6 || total
-------------------------+-------+-------++-------
Melee: Hand axe          |   132 |   181 ||   313
Invok: Berserk           |     1 |     2 ||     3
       Trog's Hand       |       |     2 ||     2
  Eat: Chunk             |     3 |     6 ||     9
Armor: Animal skin       |    53 |       ||    53
       Chain mail        |    26 |   115 ||   141
Dodge: Dodged            |   107 |    81 ||   188
